 Dungeon Crawl Stone Soup version 0.17-a0-1554-g3b847ca (webtiles) character file.

1656 urechis the Infuser (level 8, -7/43 HPs)
             Began as a Deep Elf Conjurer on July 19, 2015.
             Killed from afar by Pikel (23 damage)
             ... with a wand of lightning
             ... on level 5 of the Dungeon.
             The game lasted 00:29:04 (8270 turns).

urechis the Infuser (Deep Elf Conjurer)             Turns: 8270, Time: 00:29:04

Health: -7/43      AC:  5    Str:  5    XL:     8   Next: 68%
Magic:  16/16      EV: 13    Int: 23    God:
Gold:   246        SH:  0    Dex: 15    Spells: 3 memorised, 6 levels left

rFire  . . .     SeeInvis .     b - +4 spear (venom)
rCold  . . .     Clarity  +     g - +0 robe
rNeg   . . .     SustAt   .     (no shield)
rPois  .         Gourm    .     C - +1 helmet
rElec  .         Spirit   .     (no cloak)
rCorr  .         Warding  .     (no gloves)
rMut   .         Stasis   .     v - +0 pair of boots
MR     +....                    r - amulet of clarity
Stlth  ++........               (no ring)
                                F - ring of protection from magic

@: somewhat resistant to hostile enchantments, unstealthy
A: no striking features
a: no special abilities


You were on level 5 of the Dungeon.
You were near starving.

You visited 1 branch of the dungeon, and saw 5 of its levels.

You collected 246 gold pieces.

Inventory:

Hand weapons
 a - the +6 mace of Yfrobo {holy, Str+2}
   (You found it on level 4 of the Dungeon)

   It has been blessed by the Shining One to cause great damage to the undead
   and demons.
   It affects your strength (+2).
 b - a +4 spear of venom (weapon)
Armour
 g - a +0 robe (worn)
 v - a +0 pair of boots (worn)
 C - a +1 helmet (worn)
Jewellery
 r - an amulet of clarity (around neck)
 F - a ring of protection from magic (left hand)
Magical devices
 o - a wand of fire (9)
 u - a wand of digging (10)
 y - a wand of slowing (22)
 D - a wand of invisibility (5)
 G - a wand of lightning (8)
Scrolls
 d - 3 scrolls of blinking {unknown}
 e - 2 scrolls of magic mapping {unknown}
 l - 3 scrolls of remove curse {unknown}
 n - 7 scrolls of identify {unknown}
 x - 3 scrolls of random uselessness {unknown}
 z - a scroll of teleportation {unknown}
 B - a scroll of enchant weapon {unknown}
Potions
 i - 2 potions of curing
 j - 2 potions of brilliance {unknown}
 k - a potion of heal wounds {unknown}
 m - a potion of flight {unknown}
 q - a potion of degeneration {unknown}
 t - a potion of might {unknown}
 A - a potion of mutation {unknown}
 E - a potion of lignification {unknown}
Books
 s - a book of Conjurations

   Spells                             Type                      Level
   a - Magic Dart                     Conjuration                  1
   b - Searing Ray                    Conjuration                  2
   c - Dazzling Spray                 Conjuration/Hexes            3
   d - Fulminant Prism                Conjuration/Hexes            4
   e - Iskenderun's Mystic Blast      Conjuration                  4
   f - Iskenderun's Battlesphere      Conjuration/Charms           5
 w - a book of Debilitation

   Spells                             Type                      Level
   a - Corona                         Hexes                        1
   b - Slow                           Hexes                        2
   c - Gell's Gravitas                Hexes/Translocation          3
   d - Inner Flame                    Hexes/Fire                   3
   e - Cause Fear                     Hexes                        4
   f - Leda's Liquefaction            Hexes/Earth                  4
Comestibles
 c - 3 bread rations
 f - 2 slices of pizza
 h - 3 fruits
 p - a royal jelly


   Skills:
 + Level 1.4 Fighting
 + Level 3.3 Dodging
 - Level 2.4 Stealth
 + Level 4.0 Spellcasting
 * Level 9.1 Conjurations
 + Level 9.8 Charms
 * Level 2.8 Fire Magic


You had 6 spell levels left.
You knew the following spells:

 Your Spells              Type           Power        Failure   Level  Hunger
a - Magic Dart            Conj           ####         1%          1    None
b - Iskenderun's Battles  Conj/Chrm      #####...     10%         5    ######.
c - Inner Flame           Hex/Fire       ##......     21%         3    ##.....


Dungeon Overview and Level Annotations

Branches:
Dungeon (5/15)
 Temple: D:4-7

Altars:
Elyvilon
Trog
Yredelemnul

Annotations:
D:5 Pikel


Message History

A slave comes into view.
You closely miss the slave.
The slave is moderately wounded.
The slave hits you.
The slave looks more healthy.
An orc comes into view. It is wielding a club.
The orc shouts!
The slave hits you.
The orc moves out of view.
The slave hits you. The orc closely misses you.
There is a stone staircase leading down here.
Pikel zaps a wand.
The bolt of lightning hits you!
It is a wand of lightning.
The orc throws a tomahawk.
The tomahawk closely misses you.
A slave opens the door.
The orc throws a tomahawk.
The tomahawk misses you.
Pikel zaps a wand.
The bolt of lightning hits the orc.
The orc dies!
The bolt of lightning hits you!
Ouch! That really hurt!
You die...

##.#.p#p#### ##.#....##
#####.K##.## ##.#......
#..>....+.. .'..'......
#....K..#.##+##.#......
####...##).#.##.##.##...##
#.......#..#.....'.###'###
#.##'##....#.##.##.......
#.#...#.#.##.##.##.##...#
#.#...+.#@##....†..##...
#.#...#....'....#.>......
#.##'##.#..#....##.##'###
#.......#(##.##+##.##.####
###....##.##.##.##....#...
##...+......#.......'...
#...#......+.##'##.##.#
##'###+##.##.##.#######
##..##.##.##.##..# #


You could see Pikel.

Vanquished Creatures
  Edmund (D:5)
  The ghost of Duffy the Caller, an average VSSu (D:4)
  An ice beast (D:5)
  An ogre (D:5)
  An orc warrior (D:4)
  A gnoll sergeant (D:3)
  A scorpion (D:5)
  A crimson imp (D:5)
  2 orc priests
  2 orc wizards (D:4)
  5 gnoll shamans (D:3)
  A hound (D:4)
  Terence (D:3)
  3 worker ants (D:4)
  A hound zombie (D:5)
  37 gnolls
  8 adders
  5 oozes
  2 adder skeletons
  5 worms
  8 giant geckos
  21 orcs
  2 ball pythons
  A bat skeleton (D:5)
  4 hobgoblins
  20 jackals
  14 kobolds
  5 quokkas
  14 bats
  5 giant cockroaches
  3 giant newts
  10 goblins
  A quokka zombie (D:5)
  8 rats
196 creatures vanquished.

Vanquished Creatures (others)
  An orc (D:5)
1 creature vanquished.

Grand Total: 197 creatures vanquished

Notes
Turn   | Place    | Note
--------------------------------------------------------------
     0 | D:1      | urechis the Deep Elf Conjurer began the quest for the Orb.
     0 | D:1      | Reached XP level 1. HP: 10/10 MP: 6/6
   116 | D:1      | Reached XP level 2. HP: 15/15 MP: 1/8
   234 | D:1      | Reached skill level 5 in Conjurations
   678 | D:1      | Reached XP level 3. HP: 19/19 MP: 4/9
  1447 | D:2      | Reached skill level 6 in Conjurations
  1742 | D:2      | Reached XP level 4. HP: 24/24 MP: 8/10
  2633 | D:3      | Reached skill level 7 in Conjurations
  2633 | D:3      | Reached XP level 5. HP: 21/28 MP: 7/11
  2640 | D:3      | Learned a level 5 spell: Iskenderun's Battlesphere
  2716 | D:3      | Reached skill level 1 in Charms
  2808 | D:3      | Noticed Terence
  2816 | D:3      | Killed Terence
  3385 | D:3      | Reached XP level 6. HP: 14/32 MP: 0/12
  3938 | D:3      | Reached skill level 5 in Charms
  4574 | D:3      | Reached XP level 7. HP: 36/36 MP: 5/13
  5078 | D:3      | Reached skill level 8 in Conjurations
  5795 | D:4      | Got a smoking mace
  5796 | D:4      | Identified the +6 mace of Yfrobo {holy, Str+2} (You found it on level 4 of the Dungeon)
  5800 | D:4      | Found a basalt altar of Yredelemnul.
  5801 | D:4      | Found a white marble altar of Elyvilon.
  6132 | D:4      | Noticed Duffy's ghost (average VSSu)
  6646 | D:4      | Killed Duffy's ghost
  6646 | D:4      | Reached skill level 9 in Charms
  6646 | D:4      | Reached XP level 8. HP: 39/41 MP: 4/14
  6736 | D:4      | Learned a level 3 spell: Inner Flame
  6990 | D:5      | Entered Level 5 of the Dungeon
  7105 | D:5      | Reached skill level 1 in Fire Magic
  7198 | D:5      | Noticed Edmund
  7203 | D:5      | Killed Edmund
  7288 | D:5      | Reached skill level 1 in Fighting
  7336 | D:4      | HP: 2/43 [orc warrior/long sword (17)]
  7892 | D:5      | Found a bloodstained altar of Trog.
  8240 | D:5      | Noticed Pikel
  8270 | D:5      | Killed from afar by Pikel

Vault maps used:
D:1:      dpeg_arrival_fog
D:3:      lemuel_castle_with_subvaults, uniq_terence
D:4:      gammafunk_temple_overflow_statue
D:5:      overflow_temple_1_default, minmay_temple_entry_from_below_b,
          enter_ossuary_2, first_bread, grunt_ministairs_10, uniq_pikel,
          uniq_edmund

Action                   |  1- 3 |  4- 6 |  7- 9 || total
-------------------------+-------+-------+-------++-------
Melee: Dagger            |     2 |     7 |       ||     9
       Short sword       |       |    14 |       ||    14
       Mace              |       |       |    23 ||    23
       Spear             |       |       |    29 ||    29
 Cast: Magic Dart        |    84 |   234 |   179 ||   497
       Iskenderun's Batt |       |       |    23 ||    23
  Use: Potion            |       |     1 |       ||     1
 Stab: Sleeping          |       |       |     3 ||     3
       Distracted        |       |       |     1 ||     1
  Eat: Chunk             |     2 |     9 |    17 ||    28
       Fruit             |       |       |     1 ||     1
